 Dungeon Crawl Stone Soup version 0.27-a0-1434-g6f15984924 (webtiles) character file.

Game seed: 3901187327274442361

429 vajakki the Skirmisher (level 6, -4/41 HPs)
             Began as a Gargoyle Wanderer on July 3, 2021.
             Was an Initiate of Okawaru.
             Slain by Pikel (5 damage)
             ... on level 3 of the Dungeon.
             The game lasted 00:12:10 (3831 turns).

vajakki the Skirmisher (Gargoyle Wanderer)          Turns: 3831, Time: 00:12:11

Health: -4/41      AC: 19    Str: 17    XL:     6   Next: 98%
Magic:  6/6        EV:  5    Int: 16    God:    Okawaru [......]
Gold:   115        SH:  0    Dex: 10    Spells: 5/5 levels left

rFire    . . .     SeeInvis .   a - +2 falchion
rCold    + . .     Faith    .   (no shield)
rNeg     + . .     Spirit   .   i - +0 plate armour
rPois    ∞         Reflect  .   q - +0 helmet
rElec    +         Harm     .   (no cloak)
rCorr    .         Rampage  .   l - +0 pair of gloves
Will     +....                  v - +0 pair of boots
Stlth    ..........             (no amulet)
HPRegen  0.13/turn              u - ring of Ejif Qesch {+Blink rC+ Will+ Int+2 Dex+2}
MPRegen  0.10/turn              (no ring)

@: no status effects
A: sickness immunity, AC +4, negative energy resistance 1, electricity
resistance, torment resistance 1, petrification resistance
a: Renounce Religion, Evoke Blink


You were on level 3 of the Dungeon.
You worshipped Okawaru.
Okawaru was noncommittal.
You visited 2 branches of the dungeon, and saw 5 of its levels.

You collected 115 gold pieces.

Inventory:

Hand Weapons
 a - a +2 falchion (weapon)
 b - a +0 hunting sling
 h - a +2 dagger of freezing
 p - a +0 whip
 t - a +0 dagger of draining
Missiles
 d - 143 stones (quivered)
 e - 11 poisoned darts
 n - 7 sling bullets
Armour
 i - a +0 plate armour (worn)
 l - a +0 pair of gloves (worn)
 q - a +0 helmet (worn)
 v - a +0 pair of boots (worn)
Jewellery
 u - the ring of Ejif Qesch (left hand) {+Blink rC+ Will+ Int+2 Dex+2}
   (You found it on level 4 of the Dungeon)

   [ring of willpower]

   Int:       It affects your intelligence (+2).
   Dex:       It affects your dexterity (+2).
   rC:        It protects you from cold.
   +Blink:    It lets you blink.
   Will:      It increases your willpower.
Scrolls
 f - a scroll of fog {unknown}
 j - a scroll of torment {unknown}
 m - a scroll of identify
 o - a scroll of immolation {unknown}
 r - a scroll of amnesia {unknown}
 s - a scroll of enchant weapon {unknown}
Potions
 c - a potion of haste {unknown}
 g - a potion of heal wounds {unknown}
 k - 2 potions of degeneration


   Skills:
 + Level 6.2 Fighting
 - Level 2.6 Long Blades
 * Level 3.8 Maces & Flails
 - Level 1.7 Throwing
 + Level 4.1 Armour
 - Level 1.0 Dodging
 + Level 0.0 Invocations


You had 5 spell levels left.
You didn't know any spells.
Your spell library contained the following spells:

 Spells                   Type           Power      Damage    Failure   Level
 Apportation              Tloc           0%         N/A       100%        1
 Beastly Appendage        Tmut           0%         N/A       100%        1
 Magic Dart               Conj           0%         1d3       100%        1
 Shock                    Conj/Air       0%         1d3       100%        1
 Sting                    Tmut/Pois      0%         1d3       100%        1
 Poisonous Vapours        Pois/Air       0%         N/A       100%        2
 Searing Ray              Conj           0%         3d3       100%        2
 Ignite Poison            Fire/Tmut/Pois 0%         N/A       100%        3
 Portal Projectile        Hex/Tloc       0%         N/A       100%        3
 Swiftness                Air            0%         N/A       100%        3
 Airstrike                Air            0%         N/A       100%        4
 Fulminant Prism          Conj/Hex       0%         3d6       100%        4
 Olgreb's Toxic Radiance  Pois           0%         N/A       100%        4


Dungeon Overview and Level Annotations

Branches:
Dungeon (4/15)             Temple (1/1) D:4

Altars:
Okawaru

Annotations:
D:3 Pikel


Innate Abilities, Weirdness & Mutations

You are immune to sickness and miasma.
Your stone body is resilient. (AC +4)
You are immune to poison.
You resist negative energy. (rN+)
You are resistant to electric shocks. (rElec)
You are resistant to unholy torment.
You are immune to petrification.


Message History

Press: ? - help, v - describe, . - travel
Here: Pikel, wielding a +0 whip of flaming and wearing a +0 robe The floor.
You completely miss Pikel. Pikel hits you but does no damage.
You barely miss Pikel. The lemure hits you but does no damage.
Pikel hits you but does no damage.
You miss Pikel. The lemure hits you but does no damage.
Pikel hits you with a +0 whip of flaming.
Pikel burns you. The lemure hits you but does no damage.
You slash Pikel!
Pikel is lightly wounded.
Pikel hits you with a +0 whip of flaming.
Pikel burns you. The lemure hits you but does no damage.
You miss Pikel.
Pikel is lightly wounded.
Pikel hits you but does no damage. The lemure hits you.
You slash Pikel!
Pikel is moderately wounded.
Pikel completely misses you.
You riposte.
You hit Pikel.
Pikel is heavily wounded.
The lemure hits you! Pikel hits you but does no damage.
You closely miss Pikel.
Pikel is heavily wounded.
The lemure hits you but does no damage.
Pikel hits you with a +0 whip of flaming.
Pikel burns you.
* * * LOW HITPOINT WARNING * * *
You barely miss Pikel.
Pikel is heavily wounded.
The lemure hits you.
* * * LOW HITPOINT WARNING * * *
Pikel hits you but does no damage.
As you read the scroll labelled PYVIRRYRPHI, it crumbles to dust.
It is a scroll of identify.
k - 2 potions of degeneration The lemure hits you but does no damage.
Pikel hits you with a +0 whip of flaming!
* * * LOW HITPOINT WARNING * * *
Pikel burns you.
You die...

#.# #..# #.# #..#
#.# #..# #.# #..#
#.# #..# #.# #..##
#.# #.... #5#
#..## #@# #..# #K#
#..# #.# #####..##
#.# #........ #.#
#[###..## #.# #.#
#..# #.# #.###..##
#.########........
#.......##........


You could see Pikel and a lemure.

Vanquished Creatures
  Grinder (D:3)
  An ice beast (D:3)
  2 lemures (D:4)
  Natasha (thrice) (D:2)
  4 adders
  2 orcs (D:3)
  4 bats
  7 endoplasms
  A giant cockroach (D:1)
  5 goblins
  3 jackals (D:3)
  A quokka (D:1)
  7 ball pythons
  A kobold (D:3)
  2 rats
44 creatures vanquished.

Notes
Turn   | Place    | Note
-------+----------+-------------------------------------------
     0 | D:1      | vajakki the Gargoyle Wanderer began the quest for the Orb.
     0 | D:1      | vajakki set off with the following items: a +2 falchion, a
                  | +0 robe; and the following spells available to memorise:
                  | Apportation, Beastly Appendage, Ignite Poison, Portal
                  | Projectile
     0 | D:1      | Reached XP level 1. HP: 16/16 MP: 1/1
   341 | D:1      | Reached skill level 1 in Armour
   415 | D:1      | Reached XP level 2. HP: 19/20 MP: 2/2
  1110 | D:2      | Reached skill level 5 in Fighting
  1110 | D:2      | Reached XP level 3. HP: 25/26 MP: 3/3
  1374 | D:2      | Noticed Natasha
  1385 | D:2      | Killed Natasha
  1386 | D:2      | Reached XP level 4. HP: 31/31 MP: 4/4
  1606 | D:2      | Noticed Natasha
  1625 | D:2      | Killed Natasha
  1823 | D:2      | Noticed Natasha
  1836 | D:2      | Killed Natasha
  1837 | D:2      | Reached skill level 1 in Maces & Flails
  1837 | D:2      | Reached XP level 5. HP: 30/35 MP: 5/5
  2065 | D:3      | Found an iron altar of Okawaru.
  2080 | D:3      | Became a worshipper of Warmaster Okawaru
  2178 | D:3      | Noticed an ice beast
  2485 | D:3      | Noticed Grinder
  2485 | D:3      | Paralysed by Grinder for 7 turns
  2498 | D:3      | Paralysed by Grinder for 2 turns
  2527 | D:3      | Killed Grinder
  2528 | D:3      | Reached skill level 6 in Fighting
  2528 | D:3      | Reached XP level 6. HP: 7/41 MP: 6/6
  2814 | D:3      | Killed an ice beast
  3334 | D:4      | Noticed Pikel
  3368 | D:4      | Found a staircase to the Ecumenical Temple.
  3377 | Temple   | Entered the Ecumenical Temple
  3771 | D:4      | Identified the ring of Ejif Qesch {+Blink rC+ Will+ Int+2
                  | Dex+2}
  3831 | D:3      | HP: 1/41 [Pikel (9)]
  3831 | D:3      | Slain by Pikel

Illustrated notes

Levels and vault maps discovered:
D:1:      lightli_arrival_chessboard, layout_basic
D:2:      layout_loops_cross, st_stairs_7, uniq_natasha
D:3:      layout_loops_ring, lemuel_crystal_altar, minmay_distorted,
          uniq_grinder
D:4:      layout_basic, minmay_temple_entry_ruins, hangedman_decor_riveting,
          kennysheep_opposing_triangles, uniq_pikel, uniq_blork_the_orc
Temple:   cyrus_temple_forest

Skill      XL: |  1  2  3  4  5  6 |
---------------+-------------------+-----
Armour         | 1 2 3 4 |  4.1
Fighting       | 5 6 |  6.2
Maces & Flails | 1 3 |  3.8
Long Blades    | |  2.6
Throwing       | |  1.7
Dodging        | |  1.0

Action                   |  1- 3 |  4- 6 || total
-------------------------+-------+-------++-------
Melee: Falchion          |    48 |   167 ||   215
 Fire: Hunting sling     |    14 |    14 ||    28
Throw: Dart              |     8 |    12 ||    20
       Stone             |       |     1 ||     1
  Use: Potion            |       |     2 ||     2
       Scroll            |       |     1 ||     1
Armor: Robe              |     4 |       ||     4
       Plate armour      |    38 |   161 ||   199
Dodge: Dodged            |    14 |    39 ||    53
       Rpst.: Falchion   |     2 |    17 ||    19

Table legend: (Time is in decaauts)
 A = Elapsed time spent in this place.
 B = Non-inter-level travel time spent in this place.
 C = Inter-level travel time spent in this place.
 D = Time resting spent in this place.
 E = Time spent auto-exploring this place.
 F = Levels seen in this place.
 G = Mean time per level.
                   A        B        C        D        E       F      G
               +--------+--------+--------+--------+--------+-----+--------+
         Total |   3874 |   3800 |     74 |    913 |   2091 |   5 |  774.8 |
       Dungeon |   3549 |   3475 |     74 |    595 |   2091 |   4 |  887.2 |
        Temple |    325 |    325 |      0 |    318 |      0 |   1 |  325.0 |
               +--------+--------+--------+--------+--------+-----+--------+

Top non-repeatable levels by time:
     D:3: 1354 daAuts
     D:2: 1062 daAuts
     D:1: 922 daAuts
  Temple: 325 daAuts
     D:4: 210 daAuts
